 Dungeon Crawl Stone Soup version 0.28-b1-1-g3c77fb2ed1 (webtiles) character file.

Game seed: 15418594911924044915

2 Descartes the Grasshopper (level 1, 7/16 HPs)
             Began as a Formicid Warper on Jan 28, 2022.
             Was an Initiate of Ru.
             Got out of the dungeon alive.
             The game lasted 00:00:33 (200 turns).

Descartes the Grasshopper (Formicid Warper)          Turns: 200, Time: 00:00:34

Health: 7/16       AC:  3    Str: 15    XL:     1   Next: 33%
Magic:  3/3        EV: 11    Int: 12    God:    Ru [......]
Gold:   0          SH:  0    Dex: 10    Spells: 4/4 levels left

rFire   . . .      SeeInvis +   a - +0 mace
rCold   . . .      Faith    .   (no shield)
rNeg    . . .      Spirit   .   b - +0 leather armour
rPois   .          Reflect  .   (helmet unavailable)
rElec   .          Harm     .   (no cloak)
rCorr   .          Rampage  .   (no gloves)
Will    .....                   (no boots)
Stlth   +.........              (no amulet)
HPRegen 0.05/turn               (no ring)
MPRegen 0.08/turn               (no ring)

@: no status effects
A: permanent stasis, dig shafts and tunnels, antennae 3, four strong arms
a: Dig, Shaft Self, Renounce Religion, Sacrifice Love, Sacrifice Arcana,
Sacrifice Artifice, Reject Sacrifices


You escaped.
You worshipped Ru.
Ru was noncommittal.
You visited 1 branch of the dungeon, and saw 1 of its levels.

Inventory:

Hand Weapons
 a - a +0 mace (weapon)
Missiles
 c - 5 boomerangs of dispersal (quivered)
Armour
 b - a +0 leather armour (worn)
Scrolls
 d - 3 scrolls of identify {unknown}
Potions
 e - a potion of attraction {unknown}


   Skills:
 - Level 2.1 Fighting
 - Level 2.0 Maces & Flails
 - Level 1.0 Throwing
 + Level 1.2 Armour
 - Level 1.7 Dodging
 - Level 2.1 Spellcasting
 + Level 2.7 Translocations


You had 4 spell levels left.
You didn't know any spells.
Your spell library contained the following spells:

 Spells                   Type           Power      Damage    Failure   Level
 Gell's Gravitas          Tloc           7%         N/A       32%         3
 Lesser Beckoning         Tloc           7%         N/A       32%         3
 Teleport Other           Tloc           7%         N/A       32%         3
 Manifold Assault         Tloc           7%         N/A       96%         5
 Blink                    Tloc           Unusable   N/A       N/A         2

Dungeon Overview and Level Annotations

Branches:
Dungeon (1/15)

Altars:
Ru


Innate Abilities, Weirdness & Mutations

You cannot be hasted, slowed, berserked, paralysed or teleported.
You can dig through walls and to a lower floor.
You have a pair of large antennae on your head. (SInv)
Your four strong arms can wield two-handed weapons with a shield.


Message History

An endoplasm comes into view.
The kobold hits you with a +0 dagger.
You closely miss the kobold.
The endoplasm quivers.
The kobold hits you with a +0 dagger.
You barely miss the kobold. The kobold hits you with a +0 dagger.
You completely miss the kobold. The kobold hits you but does no damage.
The kobold barely misses you.
You barely miss the kobold. The kobold hits you with a +0 dagger.
You are too injured to fight recklessly!
You are too injured to fight recklessly!
You are too injured to fight recklessly!
You are too injured to fight recklessly!
You are too injured to fight recklessly!
You barely miss the kobold. The kobold hits you but does no damage.
You sock the kobold!
You kill the kobold!
You barely miss the endoplasm. The endoplasm freezes you.
You are frozen.
* * * LOW HITPOINT WARNING * * *
You hit the endoplasm.
The endoplasm is moderately wounded.
The endoplasm closely misses you. x2
You sock the endoplasm!
You kill the endoplasm!
Things that are here:
a +0 dagger; a kobold corpse
There is an open door here.
There is a faded altar of an unknown god here.
You cannot tell which god this altar belongs to.
Convert to them anyway?
Ru accepts your prayer! Ru welcomes you!
Ru believes you are ready to make a new sacrifice.
There is a large open door here.
There is a large open door here.
There is a large open door here.
There is a staircase leading out of the dungeon here.
Are you sure you want to leave the Dungeon?
This will make you lose the game!
You have escaped!

#.≈≈≈≈≈≈≈≈≈≈
##≈..8......
#≈.##############
#≈8#≈≈≈≈≈#.≈≈.#.#
#≈.#≈...≈#.§§.#.#
#≈.#≈.#.≈#.≈≈.#.#
#≈8#≈.#.≈#.≈≈.#.#
##≈.#≈.#.≈#.≈≈.#.#
#...'..#..'....'@#
#...'..#..'....'.#
..≈.#≈.#.≈#.≈≈.#.#
##≈8#≈.#.≈#.≈≈.#.#
#≈.#≈.#.≈#.≈≈.#.#
#≈.#≈...≈#.≈≈.#.#
#≈8#≈≈≈≈≈#.≈§§#.#
#≈.##############
#≈..


There were no monsters in sight!

Vanquished Creatures
  An endoplasm (D:1)
  A kobold (D:1)
2 creatures vanquished.

Notes
Turn   | Place    | Note
-------+----------+-------------------------------------------
     0 | D:1      | Descartes the Formicid Warper began the quest for the Orb.
     0 | D:1      | Reached XP level 1. HP: 16/16 MP: 3/3
    27 | D:1      | Found a faded altar of an unknown god.
   168 | D:1      | Prayed at the altar of an unknown god.
   168 | D:1      | Became a worshipper of Ru the Awakened
   200 | D:$      | Got out of the dungeon alive.

Illustrated notes

Levels and vault maps discovered:
D:1:      lightli_arrival_isolated_outpost, layout_loops_corners,
          ebering_ecumenical_altar_mist, serial_shops, nicolae_shop_stone

Action                   || total
-------------------------++-------
Melee: Mace              ||    11
Armor: Leather armour    ||     3
Dodge: Dodged            ||     4
